 Seeded DCSS version 0.31-a0-564-g3b7de120b3 (webtiles) character file.

Game seed: 16161720884980326079 (custom seed)

142 innerfire43 the Changeling (level 5, -9/37 HPs)
             Began as a Djinni Shapeshifter on Aug 17, 2023.
             Was an Initiate of Ashenzari.
             Mangled by Crazy Yiuf
             ... wielding a +2 quarterstaff of chaos
              (15 damage)
             ... on level 2 of the Dungeon.
             The game lasted 00:03:58 (1550 turns).

innerfire43 the Changeling (Djinni Shapeshifter)    Turns: 1550, Time: 00:03:58

Health: -9/37      AC:  2    Str: 14    XL:     5   Next: 49%
Gold:   71         EV: 12    Int: 11    God:    Ashenzari [......] SH:  0 Dex: 14

rFire   + +          .
                       - Unarmed
rCold   x . .        (no shield)
rNeg    . . .        a - +0 animal skin
rPois   ∞            i - melded +2 helmet of the Enigmatic Cosmos {rC- Will++ Dex+4 SInv, Cun, Fort} (curse)
rElec   .            (cloak currently unavailable)
rCorr   .            (gloves currently unavailable)
SInv    .            (boots unavailable)
Will    .....        (no amulet)
Stlth   +            (no ring)
HPRegen 0.26/turn    (no ring)
MPRegen 0.00/turn

%: infuse magic (-10 HP)
@: beast-form, flying
A: beast (slay +3), flying, sickness immunity, fire resistance 2, cold
vulnerability 1, float, innate caster, HP casting, extra vitality 1
a: Begin Untransformation, Renounce Religion, Shatter the Chains


You were on level 2 of the Dungeon.
You worshipped Ashenzari.
Ashenzari was noncommittal.
You were a hulking beast.
You visited 1 branch of the dungeon, and saw 2 of its levels.

You collected 71 gold pieces.

Inventory:

Hand Weapons
 f - a +4 club
Missiles
 m - a throwing net
Armour
 a - a +0 animal skin (worn)
 i - the cursed +2 helmet of the Enigmatic Cosmos (melded) {rC- Will++ Dex+4 SInv, Cun, Fort}
   (You took it off Robin on level 2 of the Dungeon)

   Dex+4:     It affects your dexterity (+4).
   rC-:       It makes you vulnerable to cold.
   Will++:    It greatly increases your willpower.
   SInv:      It lets you see invisible.
   It has a curse which improves the following skills: Cunning: Dodging and
   Stealth.
   Fortitude: Armour and Shields.
Jewellery
 j - an amulet of faith
Talismans
 c - a beast talisman (active)
 d - a flux talisman
Scrolls
 e - a scroll of brand weapon {unknown}
 g - 2 scrolls of silence {unknown}
 l - a scroll of fog {unknown}
Potions
 b - a potion of lignification
 h - a potion of haste {unknown}
 k - a potion of attraction {unknown}


   Skills:
 - Level 1.0 Fighting
 - Level 2.1 Dodging
 - Level 3.0 Unarmed Combat
 * Level 4.6 Shapeshifting


You knew the following spells:

 Your Spells              Type           Power      Damage    Failure   Level
a - Magic Dart            Conj           0%         1d3       34%         1
b - Searing Ray           Conj           0%         2d4       47%         2
Your spell library was empty.

Dungeon Overview and Level Annotations

Branches:
Dungeon (2/15)

Altars:
Ashenzari

Annotations:
D:2 Crazy Yiuf


Innate Abilities, Weirdness & Mutations

You are a hulking beast.
Your limbs bulge with bestial killing power. (Slay +3)
You are flying.
You are immune to sickness and miasma.
You are immune to poison.
Your flesh is very heat resistant. (rF++)
You are vulnerable to cold. (rC-)
You float through the air rather than walking.
You learn spells naturally, not from books.
Your magical power is your life essence.
You have superior vitality. (+4 MHP)


Message History

Crazy Yiuf hits you with a +2 quarterstaff of chaos!
You are confused.
You bump into the tree.
Crazy Yiuf hits you with a +2 quarterstaff of chaos.
Unknown command.
You bump into the tree.
Crazy Yiuf closely misses you.
Unknown command.
You bump into the tree.
Crazy Yiuf closely misses you.
You bump into the tree.
Crazy Yiuf misses you.
Unknown command.
You bump into the stone wall.
You feel less confused. Crazy Yiuf closely misses you.
Unknown command.
You hit Crazy Yiuf.
Crazy Yiuf is moderately wounded.
Crazy Yiuf hits you with a +2 quarterstaff of chaos.
You barely miss Crazy Yiuf.
Crazy Yiuf is moderately wounded.
Crazy Yiuf barely misses you.
Unknown command.
You hit Crazy Yiuf but do no damage.
Crazy Yiuf is moderately wounded.
Crazy Yiuf closely misses you.
You barely miss Crazy Yiuf.
Crazy Yiuf is moderately wounded.
Crazy Yiuf hits you with a +2 quarterstaff of chaos!
Unknown command.
You hit Crazy Yiuf.
Crazy Yiuf is heavily wounded.
Crazy Yiuf barely misses you.
Unknown command.
You hit Crazy Yiuf.
Crazy Yiuf is heavily wounded.
Crazy Yiuf hits you with a +2 quarterstaff of chaos!
* * * LOW HITPOINT WARNING * * *
You hit Crazy Yiuf.
Crazy Yiuf is almost dead.
Crazy Yiuf hits you with a +2 quarterstaff of chaos!
You die...

####..####..#
##... #....#
#..# ####
♣PPP.♣ #..#
#.. ♣♣.P.♣
#..# #.)
♣♣.♣♣ #..#
#.. ♣♣.♣ ####
#.. ♣.♣♣ #..
♣♣.♣ #.. ♣h♣♣
### #g# ...
#...# #)..#
#####


You could see Crazy Yiuf.

Vanquished Creatures
  Jessica (D:2)
  Terence (D:2)
  Robin (D:2)
  3 adders (D:2)
  3 worms (D:2)
  A dart slug (D:1)
  An endoplasm (D:1)
  A giant cockroach (D:2)
  13 goblins (D:2)
  7 hobgoblins
  6 kobolds
  A quokka (D:1)
  A ball python (D:2)
  A frilled lizard (D:1)
  2 rats (D:2)
43 creatures vanquished.

Notes
Turn   | Place    | Note
-------+----------+-------------------------------------------
     0 | D:1      | innerfire43 the Djinni Shapeshifter began the quest for the
                  | Orb.
     0 | D:1      | Reached XP level 1. HP: 17/17 MP: 0/0
    97 | D:1      | Found a faded altar of an unknown god.
   163 | D:1      | Reached skill level 3 in Shapeshifting
   163 | D:1      | Reached XP level 2. HP: 20/22 MP: 0/0
   167 | D:1      | Prayed at the altar of an unknown god.
   167 | D:1      | Became a worshipper of Ashenzari the Shackled
   648 | D:2      | Reached XP level 3. HP: 6/27 MP: 0/0
   648 | D:2      | Learned a level 1 spell: Magic Dart
   837 | D:2      | Noticed Terence
   855 | D:2      | Killed Terence
   856 | D:2      | Reached XP level 4. HP: 10/32 MP: 0/0
  1071 | D:2      | Identified the +2 helmet "Paunutas" {rC- Will++ Dex+4 SInv}
  1071 | D:2      | Noticed Robin
  1082 | D:2      | Reached skill level 4 in Shapeshifting
  1096 | D:2      | HP: 1/32 [goblin/+0 club[Robin] (2)]
  1104 | D:2      | Killed Robin
  1371 | D:2      | Reached XP level 5. HP: 34/37 MP: 0/0
  1371 | D:2      | Learned a level 2 spell: Searing Ray
  1399 | D:2      | Noticed Jessica
  1405 | D:2      | Killed Jessica
  1531 | D:2      | Found a runed translucent door.
  1532 | D:2      | Noticed Crazy Yiuf
  1550 | D:2      | Mangled by Crazy Yiuf

Illustrated notes

Levels and vault maps discovered:
D:1:      nzn_arrival_settlement, layout_rooms,
          shapermc_ecumenical_altar_starsandcircs
D:2:      layout_basic, feat_on_display, uniq_jessica, uniq_robin,
          uniq_crazy_yiuf_cottage, uniq_terence

Skill      XL: |  1  2  3  4 |
---------------+-------------+-----
Shapeshifting  | 3 4 |  4.6
Fighting       | |  1.0
Dodging        | |  2.1
Unarmed Combat | |  3.0

Action                     |  1- 3 |  4- 6 || total
---------------------------+-------+-------++-------
  Melee: Unarmed           |    68 |    87 ||   155
         Punch             |     2 |     1 ||     3
 Invoke: Curse Item        |       |     1 ||     1
    Use: Potion            |       |     2 ||     2
   Stab: Sleeping          |       |     1 ||     1
 Armour: Animal skin       |     4 |     9 ||    13
  Dodge: Dodged            |    33 |    59 ||    92
   Form: Beast             |       |     2 ||     2
         Flux              |       |     2 ||     2

Table legend: (Time is in decaauts)
 A = Elapsed time spent in this place.
 B = Non-inter-level travel time spent in this place.
 C = Inter-level travel time spent in this place.
 D = Time resting spent in this place.
 E = Time spent auto-exploring this place.
 F = Levels seen in this place.
 G = Mean time per level.
                   A        B        C        D        E       F      G
               +--------+--------+--------+--------+--------+-----+--------+
         Total |   1541 |   1463 |     78 |      0 |   1154 |   2 |  770.5 |
       Dungeon |   1541 |   1463 |     78 |      0 |   1154 |   2 |  770.5 |
               +--------+--------+--------+--------+--------+-----+--------+

Top non-repeatable levels by time:
     D:2: 933 daAuts
     D:1: 608 daAuts
